AoeStats
← deibergu17

Glade

510607758Analyzed
1v1 RM · 6h ago on Oct 1, 2026· 43m 11s· 2 players
Game mode
Random Map
Map size
Tiny (2 player)
Population
200
Speed
Normal
Resources
Standard
Victory
Conquest
Starting age
Dark Age
Ending age
Imperial Age
RankedLock teamsTeams togetherTeam positionsShared explorationLock speedFull tech treeHidden civsTurbo modeCheats
Victory
Defeat
🇪🇸 Magyars · Spain
1028
+14
🇬🇧 Saracens · United Kingdom
994
-14
deibergu17
12:27 Feudal Age
17:13 Castle Age
15:48 Loom
16:46 Horse Collar
16:58 Gold Mining
16:55 Double-Bit Axe
22:13 Bloodlines
23:23 Scale Barding Armor
26:09 Heavy Plow
32:43 Imperial Age
35:06 Elite Skirmisher
37:30 Wheelbarrow
38:01 Chain Barding Armor
37:43 Padded Archer Armor
41:07 Plate Barding Armor
41:02 Fletching
41:57 Conscription
dgmorris295
8:20 Loom
11:01 Feudal Age
16:41 Castle Age
15:05 Double-Bit Axe
16:43 Fletching
17:00 Crossbowman
17:48 Padded Archer Armor
19:06 Wheelbarrow
19:54 Bodkin Arrow
20:28 Town Watch
21:24 Horse Collar
24:34 Leather Archer Armor
25:39 Bloodlines
26:53 Town Patrol
27:33 Pikeman
30:49 Heavy Plow
34:38 Forging
36:33 Gold Mining
37:31 Scale Barding Armor
37:37 Scale Mail Armor
Connection lost

Rejoining the realm…

Still unreachable

The connection could not be restored.

Session expired

The server has moved on; the page needs a fresh start.